Map: Blueshift LE

Players

ƎDǃBee

  • Race: Zerg Zerg
  • League: Grandmaster
  • Spawn Location: 1:00

IIIIIIIIIII - Winner!

  • Race: Zerg Zerg
  • League: Master
  • Spawn Location: 7:00

VOD

Have the link to the VOD?

Description

Time

  • Played on: Jan. 17, 2019, 6:17 a.m.
  • Length: 13:11
Show
View Real Time Build Order
Export as new Build Order

ƎDǃBee Zerg 

Build Orders: Pool First, Muta Ling Bane 

Get SALT Encoding   

  12  0:00  Drone  
  13  0:12  Overlord  
  13  0:17  Drone  
  14  0:30  Drone x2  
  14  0:34  Drone  
  17  0:44  Spawning Pool  
  17  0:47  Drone  
  17  1:07  Hatchery  
  17  1:08  Extractor  
  15  1:12  Drone  
  15  1:15  Drone  
  17  1:18  Drone  
  18  1:30  Queen  
  18  1:32  Zergling x2  
  21  1:38  Drone  
  22  1:49  Overlord  
  22  2:06  Queen  
  25  2:08  Drone  
  25  2:09  Metabolic Boost  
  25  2:10  Drone  
  26  2:21  Drone x2  
  28  2:31  Drone  
  28  2:35  Drone, Baneling Nest  
  29  2:40  Drone x4  
  33  2:46  Overlord  
  33  2:58  Hatchery  
  33  3:01  Zergling x2  
  33  3:04  Zergling x2  
  34  3:06  Drone  
  34  3:12  Drone x2  
  37  3:15  Drone  
  37  3:16  Drone  
  37  3:17  Drone  
  40  3:20  Baneling x2  
  40  3:24  Lair  
  40  3:27  Extractor  
  40  3:28  Drone  
  40  3:31  Drone  
  40  3:32  Drone  
  42  3:37  Extractor, Overlord  
  42  3:40  Overlord  
  40  3:58  Zergling x14  
  40  4:02  Queen  
  49  4:13  Drone  
  49  4:14  Drone  
  49  4:15  Drone x3  
  54  4:23  Drone  
  54  4:24  Spire  
  53  4:25  Extractor  
  52  4:36  Drone x2  
  54  4:38  Overlord  
  54  4:43  Baneling  
  54  4:51  Drone x3  
  51  4:54  Zergling x6  
  51  4:57  Baneling  
  51  4:58  Zergling x12  
  59  5:05  Zergling x2  
  59  5:06  Zergling x6  
  62  5:14  Drone x5  
  62  5:17  Baneling x3  
  62  5:19  Baneling  
  67  5:36  Mutalisk x3  
  67  5:38  Overlord x2  
  64  5:45  Mutalisk x3  
  68  5:52  Mutalisk, Zerg Flyer Weapons Level 1  
  68  5:54  Drone  
  68  5:57  Overlord  
  71  5:59  Extractor  
  71  6:00  Extractor, Drone  
  71  6:01  Drone  
  71  6:03  Mutalisk  
  73  6:09  Mutalisk  
  73  6:11  Drone x2  
  77  6:14  Drone  
  78  6:19  Mutalisk  
  78  6:21  Drone x4  
  84  6:30  Mutalisk x2  
  84  6:32  Overlord  
  88  6:35  Overlord  
  88  6:38  Overlord  
  88  6:43  Evolution Chamber  
  87  6:50  Hatchery  
  86  6:58  Drone x2  
  86  6:59  Drone x2  
  86  7:00  Drone x2  
  92  7:09  Zergling x6  
  92  7:11  Zerg Melee Weapons Level 1  
  92  7:13  Drone x3  
  92  7:14  Overlord  
  97  7:25  Mutalisk x4  
  97  7:27  Overlord  
  105  7:34  Drone x3  
  106  7:39  Mutalisk x3  
  112  7:46  Mutalisk x3  
  112  7:50  Extractor  
  115  7:51  Zerg Flyer Weapons Level 2  
  115  7:53  Extractor  
  115  7:55  Mutalisk  
  115  7:57  Overlord  
  116  7:59  Overseer  
  116  8:03  Drone x3  
  120  8:05  Drone x2  
  120  8:06  Drone  
  120  8:09  Drone x5  
  127  8:15  Pneumatized Carapace  
  127  8:16  Mutalisk  
  129  8:20  Centrifical Hooks  
  129  8:23  Overlord x2  
  129  8:35  Mutalisk x3  
  135  8:42  Overlord x2  
  135  8:44  Drone x4  
  135  8:46  Overlord  
  135  8:48  Zergling x8  
  143  8:54  Mutalisk x3  
  143  8:55  Spore Crawler  
  148  9:04  Mutalisk x3  
  148  9:06  Zergling x8  
  158  9:13  Overseer  
  158  9:14  Overseer  
  156  9:19  Overseer  
  156  9:26  Mutalisk x3  
  160  9:32  Overseer  
  160  9:36  Overlord x3  
  157  9:46  Zergling x32  
  173  9:53  Overlord x3  
  173  9:59  Mutalisk x4  
  175  10:04  Zerg Melee Weapons Level 2, Hydralisk Den  
  175  10:07  Hatchery  
  179  10:10  Zerg Flyer Armor Level 1  
  179  10:13  Mutalisk x2  
  183  10:14  Zergling x8  
  183  10:15  Zergling x4  
  177  10:28  Mutalisk  
  177  10:29  Mutalisk x2  
  174  10:35  Zergling x2  
  174  10:36  Zergling x14  
  179  10:48  Mutalisk x4  
  187  10:51  Overseer  
  187  10:53  Zergling x14  
  194  10:59  Lurker Den  
  193  11:06  Baneling  
  193  11:08  Burrow  
  193  11:23  Extractor  
  193  11:24  Extractor  
  173  11:31  Mutalisk  
  173  11:32  Mutalisk x6  
  129  11:38  Queen  
  129  11:39  Drone  
  128  11:40  Drone x2  
  128  11:43  Zergling x26  
  138  11:56  Mutalisk x5  
  138  11:59  Zergling x2  
  138  12:00  Zergling x6  
  146  12:20  Mutalisk x5  
  150  12:25  Hydralisk x3  
  150  12:28  Drone  
  158  12:37  Mutalisk x3  
  158  12:39  Extractor  
  158  12:42  Hatchery  
  152  12:47  Extractor  
  146  12:53  Baneling  
  146  12:54  Baneling x7  
Show
View Real Time Build Order
Export as new Build Order

IIIIIIIIIII Zerg - Winner!

Build Orders: Hatch First, Lurkers, Roach Hydra 

Get SALT Encoding   

  12  0:00  Drone  
  13  0:12  Overlord  
  13  0:18  Drone  
  14  0:30  Drone x2  
  16  0:47  Hatchery  
  15  0:50  Drone  
  15  0:54  Drone  
  17  0:57  Drone  
  18  1:07  Extractor  
  17  1:12  Spawning Pool  
  17  1:15  Drone  
  17  1:18  Drone  
  18  1:27  Drone  
  19  1:38  Drone  
  20  1:51  Drone  
  21  1:59  Queen x2  
  21  2:00  Overlord, Zergling x2  
  26  2:08  Metabolic Boost  
  26  2:12  Drone x2  
  28  2:22  Drone x2  
  30  2:29  Spore Crawler  
  29  2:34  Drone  
  29  2:35  Baneling Nest  
  30  2:43  Drone  
  32  2:44  Drone  
  32  2:53  Hatchery  
  32  2:54  Overlord  
  32  2:55  Zergling x2  
  32  2:59  Drone  
  32  3:04  Drone x2  
  35  3:10  Zergling x2  
  36  3:14  Zergling x4  
  36  3:15  Drone  
  36  3:16  Drone  
  36  3:17  Overlord  
  40  3:23  Baneling x2  
  40  3:24  Drone  
  40  3:26  Drone  
  42  3:30  Evolution Chamber, Drone  
  42  3:39  Drone  
  42  3:40  Queen  
  45  3:41  Drone x2  
  45  3:44  Drone  
  45  3:48  Drone x3  
  50  3:52  Drone  
  52  3:59  Zerg Missile Weapons Level 1  
  52  4:02  Overlord  
  52  4:03  Extractor  
  52  4:04  Drone  
  52  4:05  Extractor  
  52  4:09  Drone x2  
  53  4:12  Drone x4  
  53  4:14  Overlord  
  53  4:16  Drone  
  58  4:20  Baneling  
  58  4:21  Baneling  
  58  4:24  Zergling x8  
  62  4:37  Roach Warren  
  61  4:39  Baneling x2  
  61  4:41  Drone  
  61  4:42  Drone x4, Queen  
  68  4:49  Drone x5  
  68  4:52  Drone  
  72  4:53  Queen  
  72  4:59  Lair  
  73  5:03  Drone  
  73  5:05  Drone  
  74  5:07  Overlord  
  74  5:12  Overlord  
  74  5:13  Drone  
  74  5:19  Overlord  
  73  5:24  Overlord x2  
  73  5:26  Roach x4  
  73  5:27  Baneling x2  
  81  5:35  Queen x2  
  85  5:36  Spore Crawler  
  85  5:37  Spore Crawler  
  85  5:38  Spore Crawler  
  85  5:42  Roach x2  
  87  5:43  Roach  
  87  5:46  Roach x2, Spore Crawler  
  87  5:48  Baneling x2  
  89  5:52  Drone x3  
  92  5:59  Drone x3  
  92  6:01  Extractor  
  92  6:02  Drone x2, Extractor  
  92  6:04  Queen  
  95  6:06  Extractor, Drone, Hydralisk Den  
  95  6:08  Spore Crawler  
  95  6:09  Zerg Missile Weapons Level 2  
  95  6:11  Glial Reconstitution  
  95  6:13  Zergling x2  
  96  6:21  Spore Crawler  
  96  6:22  Drone x2  
  96  6:24  Drone x5  
  102  6:33  Overlord  
  102  6:37  Grooved Spines, Lurker Den  
  101  6:44  Zergling x2  
  101  6:45  Zergling x2  
  103  6:47  Drone  
  103  6:51  Overlord  
  103  6:54  Overlord  
  104  6:58  Spore Crawler  
  104  7:00  Hydralisk x2  
  104  7:01  Hydralisk x3, Spore Crawler  
  107  7:02  Spore Crawler  
  107  7:04  Spore Crawler, Zergling x2  
  112  7:10  Roach x2  
  112  7:11  Roach x2  
  112  7:13  Drone x2  
  122  7:17  Drone x2  
  123  7:26  Baneling x2  
  122  7:32  Overlord  
  122  7:33  Roach  
  122  7:34  Tunneling Claws, Roach x2  
  122  7:35  Burrow, Overlord, Infestation Pit  
  127  7:40  Drone  
  127  7:41  Drone, Overlord, Spore Crawler x2  
  125  7:47  Drone  
  125  7:48  Drone  
  127  7:52  Spore Crawler  
  126  7:59  Drone x2  
  126  8:01  Muscular Augments  
  126  8:02  Roach  
  126  8:03  Roach x4  
  126  8:05  Spore Crawler  
  137  8:11  Hive  
  137  8:13  Roach x6  
  137  8:16  Overseer  
  137  8:18  Overlord  
  149  8:20  Lurker x2  
  149  8:22  Lurker  
  152  8:28  Spore Crawler  
  152  8:32  Hydralisk x2  
  153  8:37  Overseer  
  153  8:39  Spore Crawler  
  152  8:42  Spore Crawler  
  152  8:45  Zerg Ground Armor Level 1  
  151  8:49  Lurker  
  151  8:51  Drone x2  
  151  8:52  Drone x3  
  151  8:53  Spore Crawler  
  151  8:54  Spore Crawler  
  155  8:56  Hydralisk x2  
  155  8:57  Hydralisk  
  161  9:09  Overlord  
  149  9:32  Hydralisk x10  
  149  9:37  Hatchery  
  149  9:38  Extractor, Spore Crawler  
  165  9:40  Roach, Spore Crawler  
  165  9:42  Extractor  
  158  9:46  Viper  
  158  9:52  Lurker  
  162  9:55  Lurker  
  162  9:57  Drone x5  
  162  9:58  Drone  
  161  10:00  Overlord  
  161  10:06  Viper  
  164  10:07  Lurker  
  164  10:13  Drone x4  
  169  10:16  Spine Crawler  
  169  10:17  Spore Crawler  
  155  10:32  Drone x6  
  155  10:33  Queen  
  155  10:34  Drone x2  
  155  10:35  Spine Crawler  
  156  10:43  Queen x2  
  157  10:53  Viper x2  
  157  10:55  Adaptive Talons, Overlord, Spore Crawler  
  162  11:02  Overlord, Spore Crawler  
  162  11:03  Spore Crawler  
  160  11:09  Queen  
  162  11:12  Viper  
  162  11:14  Hydralisk x3  
  162  11:16  Hatchery  
  162  11:17  Roach  
  168  11:19  Unknown  
  168  11:24  Hydralisk x4, Unknown  
  169  11:28  Hydralisk  
  157  11:41  Drone x2, Spore Crawler  
  157  11:43  Extractor  
  157  11:51  Hydralisk x3  
  157  11:52  Roach x3  
  169  11:55  Spore Crawler  
  169  11:56  Spine Crawler, Overseer  
  168  12:01  Lurker  
  168  12:02  Hydralisk  
  168  12:03  Hydralisk  
  172  12:13  Unknown  
  172  12:15  Hydralisk x4  
  170  12:22  Roach x3  
  178  12:26  Hydralisk x2  
  178  12:27  Hydralisk  
  184  12:33  Roach x8  
  184  12:46  Hydralisk x5  
  188  13:05  Lurker x2  
Tags
 
Add a new tag
Caveats
  • Supply blocks, unpowered buildings, or Contaminate may cause inaccurate times.
  • Supply counts are checked every 10 seconds.